 Dungeon Crawl Stone Soup version 0.31-a0-128-g25add195a6 (webtiles) character file.

Game seed: 12254664745480587980

1019 Darkkill the Shooter (level 8, -3/70 HPs)
             Began as a Minotaur Hunter on June 1, 2023.
             Slain by an ice beast (6 damage)
             ... on level 5 of the Dungeon.
             The game lasted 00:04:00 (3694 turns).

Darkkill the Shooter (Minotaur Hunter)              Turns: 3694, Time: 00:04:00

Health: -3/70      AC:  4    Str: 17    XL:     8   Next: 2%
Magic:  7/7        EV: 14    Int:  6    God:
Gold:   215        SH:  0    Dex: 15    Spells: 7/7 levels left

rFire   . . .        a - +0 shortbow
rCold   . . .        (shield currently unavailable)
rNeg    . . .        c - +0 leather armour
rPois   .            (helmet restricted)
rElec   .            (no cloak)
rCorr   .            i - +0 pair of gloves
SInv    .            (no boots)
Will    .....        (no amulet)
Stlth   ++           (no ring)
HPRegen 0.31/turn    (no ring)
MPRegen 0.10/turn

%: no passive effects
@: no status effects
A: horns 2, retaliatory headbutt
a: no special abilities


You were on level 5 of the Dungeon.
You visited 1 branch of the dungeon, and saw 5 of its levels.

You collected 215 gold pieces.

Inventory:

Hand Weapons
 a - a +0 shortbow (weapon)
 b - the +11 hammer "Hiawigag" {freeze, Will++ Int+9 Dex-5}
   (You found it on level 5 of the Dungeon)

   Int:       It affects your intelligence (+9).
   Dex:       It affects your dexterity (-5).
   Will:      It greatly increases your willpower.
Missiles
 d - 74 stones
 n - 2 boomerangs
 t - 2 throwing nets {=f !f}
Armour
 c - a +0 leather armour (worn)
 i - a +0 pair of gloves (worn)
 o - the +0 robe of the New World {rF+ Stlth+}
   (You took it off an orc on level 4 of the Dungeon)

   rF:        It protects you from fire.
   Stlth:     It makes you more stealthy.
Jewellery
 g - a +6 ring of intelligence
 h - a ring of protection from fire
 q - a ring of willpower
Scrolls
 l - 3 scrolls of teleportation
 r - a scroll of butterflies
 u - a scroll of blinking {unknown}
Potions
 e - a potion of enlightenment
 f - a potion of ambrosia
 j - a potion of haste
 k - a potion of cancellation
 m - a potion of brilliance {unknown}
 p - a potion of degeneration {unknown}
 s - a potion of heal wounds {unknown}


   Skills:
 + Level 6.0 Fighting
 + Level 6.7 Ranged Weapons
 + Level 5.4 Dodging
 + Level 4.1 Stealth


You had 7 spell levels left.
You didn't know any spells.
Your spell library contained the following spells:

 Spells                   Type           Power      Damage    Failure   Level
 Magic Dart               Conj           0%         1d3       52%         1
 Sandblast                Erth           0%         2d4       52%         1
 Shock                    Conj/Air       0%         1d3       52%         1
 Call Imp                 Summ           0%         N/A       67%         2
 Passwall                 Tmut/Erth      0%         N/A       67%         2
 Inner Flame              Hex/Fire       0%         N/A       88%         3
 Mephitic Cloud           Conj/Pois/Air  0%         N/A       88%         3
 Stone Arrow              Conj/Erth      0%         3d7       88%         3
 Swiftness                Air            0%         N/A       88%         3
 Airstrike                Air            0%         2d(0-16)  99%         4
 Yara's Violent Unravell  Hex/Tmut       0%         3d3       100%        5
 Enfeeble                 Hex            0%         N/A       100%        7


Dungeon Overview and Level Annotations

Branches:
Dungeon (4/15)
 Temple: D:4-7

Altars:
Elyvilon
Kikubaaqudgha
Makhleb
Trog

Annotations:
D:5 1 runed translucent door, Crazy Yiuf


Innate Abilities, Weirdness & Mutations

You have a pair of horns on your head.
You reflexively headbutt those who attack you in melee.


Message History

d - 74 stones (gained 4)
An ufetubus comes into view.
You shoot an arrow. The arrow closely misses the ufetubus.
An ufetubus is nearby!
You shoot an arrow. The arrow misses the ufetubus.
The ufetubus misses you. x2
An ufetubus is nearby!
You shoot an arrow.
The arrow hits the ufetubus but does no damage.
The ufetubus hits you. The ufetubus barely misses you.
The ufetubus completely misses you. The ufetubus barely misses you.
An ufetubus is nearby!
You shoot an arrow.
The arrow hits the ufetubus but does no damage.
The ufetubus completely misses you. You furiously retaliate!
You headbutt the ufetubus!
You kill the ufetubus!
Sigmund the Dreaded comes into view.
He is wielding a +0 scythe of freezing.
You shoot an arrow. The arrow hits Sigmund.
Sigmund is lightly wounded.
No target in view!
No target in view!
Found a metallic yellow potion.
You shoot an arrow. The arrow barely misses Sigmund.
You shoot an arrow. The arrow closely misses Sigmund.
You shoot an arrow. The arrow hits Sigmund!
Sigmund is moderately wounded.
Sigmund gestures wildly while chanting.
Sigmund flickers and vanishes!
Deactivating autopickup; reactivate with Ctrl-A.
No target in view!
No target in view!
No target in view!
Fire: a) +0 shortbow
Press: ? - help, Q - select action, (/) - cycle Shift-Dir - straight line You shoot an arrow.
Something hits you but does no damage.
Fire: a) +0 shortbow
Press: ? - help, Q - select action, (/) - cycle Shift-Dir - straight line You shoot an arrow.
The sentinel's mark upon you fades away.
Something hits you! Something freezes you.
You shoot an arrow. Something barely misses you.
An ice beast comes into view.
You shoot an arrow.
You hear some strange, mumbled words.
You are confused.
You bump into the rock wall.
Something hits you. Something freezes you.
You bump into the rock wall.
You bump into the rock wall.
Something hits you! Something freezes you.
You closely miss something. Your headbutt misses something. Something hits you.
Something freezes you.
You clumsily bash something but do no damage.
You feel less confused. Something barely misses you.
You shoot an arrow.
Reactivating autopickup.
You feel a bit more experienced.
Your Fighting skill increases to level 6!
Your Stealth skill increases to level 4!
You have reached level 8!
You feel stronger.
You shoot an arrow. The arrow hits the ice beast.
The ice beast is lightly wounded.
The ice beast barely misses you. You furiously retaliate!
You headbutt the ice beast, but do no damage.
You shoot an arrow. The arrow hits the ice beast.
The ice beast is lightly wounded.
The ice beast barely misses you.
You shoot an arrow. The arrow hits the ice beast!
The ice beast is heavily wounded.
The ice beast hits you. The ice beast freezes you!
You shoot an arrow. The arrow closely misses the ice beast.
The ice beast hits you. The ice beast freezes you!
* * * LOW HITPOINT WARNING * * *
The ice beast closely misses you.
You shoot an arrow. The arrow closely misses the ice beast.
The ice beast misses you.
You shoot an arrow.
The arrow hits the ice beast but does no damage.
The ice beast is heavily wounded.
The ice beast hits you.
* * * LOW HITPOINT WARNING * * *
The ice beast freezes you.
* * * LOW HITPOINT WARNING * * *
Fire: a) +0 shortbow
Press: ? - help, Q - select action, (/) - cycle Shift-Dir - straight line, f/p - ice beast
Aim: an ice beast (heavily wounded, 65% to hit)
You shoot an arrow. The arrow hits the ice beast.
The ice beast is severely wounded.
The ice beast hits you but does no damage.
Fire: a) +0 shortbow
Press: ? - help, Q - select action, (/) - cycle Shift-Dir - straight line, f/p - ice beast
Aim: an ice beast (severely wounded, 65% to hit)
You shoot an arrow.
The arrow hits the ice beast but does no damage.
The ice beast is severely wounded.
The ice beast hits you.
* * * LOW HITPOINT WARNING * * *
The ice beast freezes you.
You die...

...###..#...... #.#
...#...##..####.# #.#
.....#.....# .. #.#
....##.##..#####.#..# #
...............#..... ..
..........#....##.. $..
..........#....##.# ....
##.........>...##.##.....
##.............Y@........
##.......##....##.#..!...
##.............##.# #....
........###..####.# ###
##......# ##.####.#
######### #..>##.#### #
#.........# #.........#
#.........#


You could see an ice beast.

Vanquished Creatures
  Sigmund (D:5)
  A wyvern (D:5)
  Edmund (D:5)
  A phantom (D:4)
  2 scorpions (D:5)
  2 hounds (D:5)
  A jelly (D:4)
  An orc priest (D:4)
  A sleepcap (D:3)
  2 iguanas
  4 gnolls (D:5)
  7 adders
  An ufetubus (D:5)
  A worm (D:3)
  2 dart slugs
  8 orcs
  9 bats
  7 endoplasms
  3 giant cockroaches
  2 goblins
  8 hobgoblins
  4 jackals (D:1)
  11 kobolds
  3 quokkas
  7 ball pythons
  2 frilled lizards (D:3)
  3 rats
95 creatures vanquished.

Notes
Turn   | Place    | Note
-------+----------+-------------------------------------------
     0 | D:1      | Darkkill the Minotaur Hunter began the quest for the Orb.
     0 | D:1      | Reached XP level 1. HP: 18/18 MP: 0/0
   117 | D:1      | Reached skill level 1 in Stealth
   175 | D:1      | Reached XP level 2. HP: 25/25 MP: 1/1
   573 | D:2      | Reached XP level 3. HP: 30/31 MP: 2/2
  1547 | D:3      | Reached XP level 4. HP: 35/38 MP: 3/3
  1633 | D:3      | Found a faded altar of an unknown god.
  1703 | D:3      | Reached skill level 5 in Ranged Weapons
  2036 | D:3      | Found a white marble altar of Elyvilon.
  2036 | D:3      | Found an ancient bone altar of Kikubaaqudgha.
  2184 | D:3      | Found a bloodstained altar of Trog.
  2185 | D:3      | Found a burning altar of Makhleb.
  2632 | D:4      | Identified the +0 robe of the New World {rF+ Stlth+}
  2638 | D:4      | Reached XP level 5. HP: 46/46 MP: 4/4
  2656 | D:4      | Noticed a phantom
  2671 | D:4      | Killed a phantom
  2865 | D:4      | Reached XP level 6. HP: 45/52 MP: 5/5
  3025 | D:4      | You fall into a shaft and drop 1 floor!
  3025 | D:5      | Entered Level 5 of the Dungeon
  3082 | D:5      | Identified the +11 hammer "Hiawigag" {freeze, Will++ Int+9
                  | Dex-5}
  3088 | D:5      | Found a runed translucent door.
  3089 | D:5      | Noticed Crazy Yiuf
  3157 | D:5      | Noticed Edmund
  3166 | D:5      | Killed Edmund
  3167 | D:5      | Reached XP level 7. HP: 30/60 MP: 6/6
  3169 | D:5      | Reached skill level 5 in Fighting
  3210 | D:5      | Noticed a wyvern
  3224 | D:5      | Killed a wyvern
  3251 | D:5      | Reached skill level 5 in Dodging
  3670 | D:5      | Noticed Sigmund
  3686 | D:5      | Killed Sigmund
  3687 | D:5      | Reached XP level 8. HP: 43/70 MP: 7/7
  3690 | D:5      | HP: 14/70 [ice beast (10)]
  3694 | D:5      | HP: 3/70 [ice beast (4)]
  3694 | D:5      | Slain by an ice beast

Illustrated notes

Levels and vault maps discovered:
D:1:      lightli_arrival_noodles, layout_loops_ring
D:2:      layout_loops_ring, grunt_decor_arrowhead
D:3:      layout_basic, nicolae_overflow_hidden_temple,
          shapermc_ecumenical_altar_petra
D:4:      nicolae_cairo_tiling_very_big, layout_loops_cross
D:5:      layout_rooms, uniq_sigmund, uniq_edmund, uniq_crazy_yiuf_cottage

Skill      XL: |  1  2  3  4  5  6  7 |
---------------+----------------------+-----
Stealth        | 1 2 3 4 |  4.1
Fighting       | 3 4 6 |  6.0
Dodging        | 3 4 5 |  5.4
Ranged Weapons | 5 6 |  6.7

Action                     |  1- 3 |  4- 6 |  7- 9 || total
---------------------------+-------+-------+-------++-------
  Melee: Mace              |       |     4 |     6 ||    10
         Headbutt          |       |     1 |     1 ||     2
         Shortbow          |       |       |     2 ||     2
   Fire: Shortbow          |   117 |   155 |    62 ||   334
    Use: Scroll            |     9 |     1 |       ||    10
         Potion            |       |       |     1 ||     1
 Armour: Leather armour    |     9 |    18 |     8 ||    35
  Dodge: Dodged            |    15 |    51 |    41 ||   107

Table legend: (Time is in decaauts)
 A = Elapsed time spent in this place.
 B = Non-inter-level travel time spent in this place.
 C = Inter-level travel time spent in this place.
 D = Time resting spent in this place.
 E = Time spent auto-exploring this place.
 F = Levels seen in this place.
 G = Mean time per level.
                   A        B        C        D        E       F      G
               +--------+--------+--------+--------+--------+-----+--------+
         Total |   3755 |   3626 |    129 |     43 |   2975 |   5 |  751.0 |
       Dungeon |   3755 |   3626 |    129 |     43 |   2975 |   5 |  751.0 |
               +--------+--------+--------+--------+--------+-----+--------+

Top non-repeatable levels by time:
     D:3: 1121 daAuts
     D:2: 910 daAuts
     D:5: 681 daAuts
     D:1: 578 daAuts
     D:4: 463 daAuts

Levels and vault maps discovered:
D:1:      lightli_arrival_noodles, layout_loops_ring
D:2:      layout_loops_ring, grunt_decor_arrowhead
D:3:      layout_basic, nicolae_overflow_hidden_temple,
          shapermc_ecumenical_altar_petra
D:4:      nicolae_cairo_tiling_very_big, layout_loops_cross
D:5:      layout_rooms, uniq_sigmund, uniq_edmund, uniq_crazy_yiuf_cottage

Table legend: (Time is in decaauts)
 A = Elapsed time spent in this place.
 B = Non-inter-level travel time spent in this place.
 C = Inter-level travel time spent in this place.
 D = Time resting spent in this place.
 E = Time spent auto-exploring this place.
 F = Levels seen in this place.
 G = Mean time per level.
                   A        B        C        D        E       F      G
               +--------+--------+--------+--------+--------+-----+--------+
         Total |   3755 |   3626 |    129 |     43 |   2975 |   5 |  751.0 |
       Dungeon |   3755 |   3626 |    129 |     43 |   2975 |   5 |  751.0 |
               +--------+--------+--------+--------+--------+-----+--------+

Top non-repeatable levels by time:
     D:3: 1121 daAuts
     D:2: 910 daAuts
     D:5: 681 daAuts
     D:1: 578 daAuts
     D:4: 463 daAuts

Table legend:
 A = Kills in this place as a percentage of kills in the entire game.
 B = Kills by you in this place as a percentage of kills by you in the entire game.
 C = Kills by friends in this place as a percentage of kills by friends in the entire game.
 D = Other kills in this place as a percentage of other kills in the entire game.
 E = Experience gained in this place as a percentage of experience gained in the entire game.
 F = Experience gained in this place divided by the number of levels of this place that you have seen.
                   A       B       C       D       E      F
               +-------+-------+-------+-------+-------+----------------------
         Total | 100.0 | 100.0 |   N/A |   N/A | 100.0 | 291.2
       Dungeon | 100.0 | 100.0 |   N/A |   N/A | 100.0 | 291.2
               +-------+-------+-------+-------+-------+----------------------
